[Event "ICCopen2017"]
[Site "Internet Chess Club"]
[Date "2017.03.25"]
[Round "7"]
[White "arnav311004"]
[Black "neverend"]
[Result "0-1"]
[ICCResult "White resigns"]
[WhiteElo "1743"]
[BlackElo "2580"]
[Opening "Réti opening"]
[ECO "A04"]
[NIC "QP.10"]
[Time "15:17:40"]
[TimeControl "180+0"]

1. Nf3 c5 2. g3 g6 3. Bg2 Bg7 4. O-O Nc6 5. c4 d6 6. e3 e5 7. Nc3 Nge7 8. d3
O-O 9. a3 h6 10. Rb1 a5 11. Qc2 Be6 12. Nd2 Rb8 13. Nd5 b5 14. Nxe7+ Nxe7
15. cxb5 Rxb5 16. b3 Qd7 17. Bb2 Bh3 18. Bc3 Bxg2 19. Kxg2 Nd5 20. e4 Nxc3
21. Qxc3 d5 22. a4 Rb4 23. Qxc5 Rd4 24. Qxa5 Rxd3 25. Rfd1 dxe4 26. Rb2 Rd8
27. Qb4 Bf8 28. Qxe4 Rd4 29. Qxe5 Bb4 30. Qe3 Bxd2 31. Qf3 Bb4 32. Rc1 Rd3
33. Qe4 Qd5 34. Qxd5 R8xd5 35. Rc4 Ba3 36. Rbc2 Rxb3 37. Rc8+ Kg7 38. Ra8
Bc5 39. f4 Ra3 40. Ra5 h5 41. Raxc5 Rxc5 42. Rxc5 Rxa4 43. h4 Ra2+ 44. Kh3
Ra3 45. Re5 Rf3 46. Rd5 Rc3 47. Kg2 Kf6 48. Re5 Rc6 49. Kh3 Re6 50. Re1 Rxe1
{White resigns}
0-1

[Event "ICCopen2017"]
[Site "Internet Chess Club"]
[Date "2017.03.25"]
[Round "7"]
[White "Indiana-Jones"]
[Black "notetengomiedo"]
[Result "1-0"]
[ICCResult "Black checkmated"]
[WhiteElo "2749"]
[BlackElo "1841"]
[Opening "English opening"]
[ECO "A05"]
[NIC "EO.51"]
[Time "15:16:58"]
[TimeControl "180+0"]

1. Nf3 Nf6 2. c4 g6 3. Nc3 d5 4. cxd5 Nxd5 5. g3 Bg7 6. Bg2 O-O 7. O-O Nxc3
8. dxc3 c6 9. Qa4 Bf5 10. Rd1 Qb6 11. Qh4 Na6 12. Bh6 Bf6 13. Bg5 Kg7 14.
Nd4 Bd7 15. Bxf6+ exf6 16. Rd2 Rfd8 17. Rad1 Be6 18. b3 Nc5 19. Qf4 Bd5 20.
f3 Ne6 21. Qe3 Nxd4 22. Qxd4 Be6 23. Qxb6 Rxd2 24. Rxd2 axb6 25. e4 b5 26.
Kf2 Kf8 27. Ke3 Ke7 28. f4 f5 29. e5 Rd8 30. Rxd8 Kxd8 31. Kd4 Kc7 32. c4
bxc4 33. bxc4 b6 34. a3 c5+ 35. Kc3 Kd7 36. Kb3 Kc7 37. Kc3 Kd7 38. h3 Kc7
39. Bf3 h5 40. Be2 Kc6 41. Kb2 Kb7 42. Kc3 Ka6 43. Bf3 Ka5 44. Bd5 Ka4 45.
Kb2 b5 46. Bxe6 fxe6 47. cxb5 Kxb5 48. Kb3 c4+ 49. Kc3 Kc5 50. a4 Kd5 51. a5
Ke4 52. a6 Kf3 53. a7 Kxg3 54. a8=Q Kxh3 55. Qg8 Kh2 56. Qxg6 h4 57. Qxe6 h3
58. Qxf5 Kg1 59. Qxh3 Kf2 60. f5 Ke2 61. f6 Kd1 62. Qf1# {Black checkmated}
1-0

[Event "ICCopen2017"]
[Site "Internet Chess Club"]
[Date "2017.03.25"]
[Round "7"]
[White "Svinotigr"]
[Black "CristianS"]
[Result "0-1"]
[ICCResult "White resigns"]
[WhiteElo "1716"]
[BlackElo "2144"]
[Opening "Réti opening"]
[ECO "A04"]
[NIC "QP.11"]
[Time "15:17:22"]
[TimeControl "180+0"]

1. Nf3 d6 2. d3 c6 3. Nbd2 Nd7 4. e4 Qc7 5. Qe2 e5 6. g3 Ngf6 7. h4 Be7 8.
Bg2 O-O 9. a4 a5 10. O-O Re8 11. Re1 Bf8 12. Nf1 d5 13. N1h2 b6 14. c3 Ba6
15. Qc2 Nc5 16. Bf1 dxe4 17. dxe4 Bxf1 18. Kxf1 h6 19. Kg2 Rad8 20. b3 Qd7
21. Ba3 Nd3 22. Red1 Bxa3 23. Rxd3 Qxd3 24. Qxd3 Rxd3 25. Rxa3 Rxc3 26. Ra2
Nxe4 27. Re2 Nc5 28. Ng4 e4 29. Nd4 Nxb3 30. Nxb3 Rxb3 31. Rc2 c5 32. Ne3 g6
33. Nd5 Kg7 34. Nc7 Rd8 35. Nb5 Rdd3 36. g4 e3 37. f3 Rd2+ {White resigns}
0-1

[Event "ICCopen2017"]
[Site "Internet Chess Club"]
[Date "2017.03.25"]
[Round "7"]
[White "veteranrus"]
[Black "carpedef"]
[Result "0-1"]
[ICCResult "White forfeits on time"]
[WhiteElo "1810"]
[BlackElo "1768"]
[Opening "Sicilian defense"]
[ECO "B20"]
[NIC "SI.48"]
[Time "15:17:19"]
[TimeControl "180+0"]

1. e4 c5 2. a3 e6 3. Nf3 a6 4. b4 cxb4 5. Bb2 Nf6 6. e5 Nd5 7. axb4 Bxb4 8.
c3 Be7 9. d4 O-O 10. c4 Nb4 11. c5 b6 12. Qd2 bxc5 13. dxc5 Bxc5 14. Nc3 d5
15. Na4 Be7 16. Be2 Bd7 17. O-O N8c6 18. h4 Bxh4 19. Nc5 Be7 20. Rfc1 a5 21.
Nxd7 Qxd7 22. Bb5 Rfc8 23. g3 Qb7 24. Ba4 Qb6 25. Kg2 h6 26. Rh1 d4 27. Rh5
d3 28. Rah1 Bf8 29. Qf4 Ne7 30. Bd4 Qb7 31. Qg4 Ng6 32. Be3 Nc2 33. Bxh6
gxh6 34. Rxh6 Bxh6 35. Rxh6 Kg7 {White forfeits on time} 0-1

[Event "ICCopen2017"]
[Site "Internet Chess Club"]
[Date "2017.03.25"]
[Round "7"]
[White "Brothersinarms"]
[Black "Dupinpon"]
[Result "1/2-1/2"]
[ICCResult "Black ran out of time and White has no material to mate"]
[WhiteElo "1826"]
[BlackElo "1630"]
[Opening "Sicilian: wing gambit"]
[ECO "B20"]
[NIC "SI.48"]
[Time "15:16:56"]
[TimeControl "180+0"]

1. e4 c5 2. b4 cxb4 3. d4 e6 4. d5 d6 5. Bc4 Nf6 6. dxe6 Bxe6 7. Bxe6 fxe6
8. Qe2 Qc7 9. Nf3 Nc6 10. O-O Be7 11. a3 O-O 12. axb4 Nxb4 13. c3 Na6 14.
Bg5 Rac8 15. Nd4 Nc5 16. Nd2 a6 17. h4 h6 18. Bf4 e5 19. Bg3 exd4 20. cxd4
Ne6 21. e5 dxe5 22. Rac1 Nxd4 23. Qd3 Qa5 24. Rce1 Rc3 25. Qg6 Nc6 26. Bxe5
Nxe5 27. Qf5 Rc5 28. Qe6+ Kh8 29. Qxe7 Re8 30. Qxb7 Qxd2 31. f4 Nf3+ 32.
Qxf3 Rxe1 33. Rxe1 Qxe1+ 34. Kh2 Rc3 35. Qa8+ Kh7 36. Qxa6 Qxh4+ 37. Kg1
Rc1+ 38. Qf1 Rxf1+ 39. Kxf1 Qxf4+ 40. Ke2 Ne4 41. g4 Ng3+ 42. Kd3 Qe4+ 43.
Kd2 Qd4+ 44. Kc2 Qxg4 45. Kd3 h5 46. Ke3 h4 47. Kf2 h3 48. Ke3 Nf5+ 49. Kd2
h2 50. Kc3 h1=Q 51. Kc2
{Black ran out of time and White has no material to mate}
1/2-1/2

[Event "ICCopen2017"]
[Site "Internet Chess Club"]
[Date "2017.03.25"]
[Round "7"]
[White "NUANCE"]
[Black "Ticktockman"]
[Result "0-1"]
[ICCResult "White checkmated"]
[WhiteElo "965"]
[BlackElo "1110"]
[Opening "Queen's pawn game"]
[ECO "D00"]
[NIC "QP.08"]
[Time "15:17:39"]
[TimeControl "180+0"]

1. d4 d5 2. e3 e6 3. Be2 Nf6 4. Nf3 g6 5. O-O Bg7 6. Nbd2 O-O 7. c4 dxc4 8.
Nxc4 Nbd7 9. b3 a6 10. Bb2 b5 11. Na5 c5 12. Nc6 Qc7 13. Nfe5 Nxe5 14. Nxe5
Nd5 15. Nf3 cxd4 16. exd4 Nf6 17. Rc1 Qd8 18. Ne5 Bb7 19. Nf3 Nd5 20. Bd3
Nf4 21. Be2 Nxe2+ 22. Qxe2 Bxf3 23. Qxf3 Rc8 24. Rxc8 Qxc8 25. Rc1 Qa8 26.
Rc2 Qxf3 27. gxf3 Rd8 28. Rd2 a5 29. Kg2 a4 30. bxa4 bxa4 31. a3 Rb8 32. Bc3
Rc8 33. Rd3 Bf8 34. Bb4 Bxb4 35. axb4 Rc4 36. d5 exd5 37. Rxd5 Rxb4 38. Rd8+
Kg7 39. Ra8 h5 40. Kg3 Kf6 41. h4 g5 42. hxg5+ Kxg5 43. Kg2 f5 44. Ra5 Kf4
45. Rc5 h4 46. Rc2 a3 47. Rc1 Rb2 48. Ra1 a2 49. Kh3 Kg5 50. f4+ Kh5 51. f3
Rf2 52. Rg1 Rxf3+ 53. Kh2 Rxf4 54. Ra1 Ra4 55. Kg2 Kg4 56. Kh2 f4 57. Kg2
f3+ 58. Kf2 h3 59. Ke3 h2 60. Rh1 Kg3 61. Rc1 Kg2 62. Rc2+ f2 63. Rxf2+ Kg1
64. Rxh2 Kxh2 65. Kd2 a1=Q 66. Ke3 Qa3+ 67. Ke2 Rb4 68. Kd2 Rb2+ 69. Kd1
Qa1# {White checkmated} 0-1

[Event "ICCopen2017"]
[Site "Internet Chess Club"]
[Date "2017.03.25"]
[Round "7"]
[White "tdimarco"]
[Black "HEM"]
[Result "1-0"]
[ICCResult "Black forfeits on time"]
[WhiteElo "1277"]
[BlackElo "1434"]
[Opening "Sicilian defense"]
[ECO "B44"]
[NIC "SI.39"]
[Time "15:17:04"]
[TimeControl "180+0"]

1. e4 c5 2. Nf3 e6 3. d4 cxd4 4. Nxd4 Nc6 5. a3 Nf6 6. f3 Qb6 7. Nxc6 bxc6
8. Nc3 d5 9. exd5 cxd5 10. Bb5+ Bd7 11. Bxd7+ Nxd7 12. Qd3 Rc8 13. b3 Qa5
14. Bd2 Be7 15. O-O O-O 16. a4 Qc5+ 17. Kh1 Ne5 18. Qe2 Bf6 19. Rac1 Nd7 20.
Nb5 a6 21. Be3 d4 22. Nxd4 Bxd4 23. Bxd4 Qxd4 24. Rfd1 Qe5 25. Qxa6 Nf6 26.
Qd3 Nd5 27. Re1 Qf4 28. c4 Nb4 29. Qe4 Qxe4 30. Rxe4 Rfd8 31. Re2 Nd3 32.
Rf1 Nf4 33. Re3 Rd2 34. g3 Nh3 35. Rfe1 Rcd8 36. R3e2 Rxe2 37. Rxe2 Ng5 38.
Kg2 Rd3 39. f4 Nf3 40. Kf2 Nd4 41. Re3 Rxe3 42. Kxe3 Nxb3 43. Kd3 Nc5+ 44.
Kd4 Nxa4 45. Kd3 f6 46. Kd4 e5+ 47. Kd3 exf4 48. gxf4 Kf7 49. Ke4 Ke6 50.
Kf3 f5 51. h3 Kd6 52. h4 Kc5 53. h5 Kxc4 54. Kg3 g6 55. Kf3
{Black forfeits on time}
1-0

[Event "ICCopen2017"]
[Site "Internet Chess Club"]
[Date "2017.03.25"]
[Round "7"]
[White "Khanzer17"]
[Black "Hacker21"]
[Result "1-0"]
[ICCResult "Black forfeits on time"]
[WhiteElo "1911"]
[BlackElo "1803"]
[Opening "Sicilian: Hungarian variation"]
[ECO "B27"]
[NIC "SI.43"]
[Time "15:17:10"]
[TimeControl "180+0"]

1. e4 c5 2. Nf3 g6 3. d4 cxd4 4. Qxd4 Nf6 5. Nc3 Nc6 6. Qa4 d6 7. e5 dxe5 8.
Nxe5 Bg7 9. Nxc6 bxc6 10. Qxc6+ Bd7 11. Qf3 O-O 12. Be2 Qc7 13. O-O Bc6 14.
Qg3 e5 15. Be3 Rab8 16. Rab1 Qa5 17. a3 Rfc8 18. Rfd1 h5 19. h3 Ba8 20. Bf3
e4 21. Be2 Ne8 22. Bd4 Bf8 23. Be5 Rxb2 24. Rxb2 Qxa3 25. Rb3 Qa5 26. Bxh5
Ng7 27. Bg4 Re8 28. Nd5 Bxd5 29. Rxd5 Qxd5 30. Bf6 Bd6 31. Qh4 Be5 32. Bxe5
Qxe5 33. Qh6 Nf5 34. Qg5 e3 35. fxe3 Nxe3 36. Qxe5 Rxe5 37. Ra3 Nxg4 38.
hxg4 Rc5 39. c3 Rc4 40. Kf2 a5 41. Rxa5 Rxc3 42. g5 Kg7 43. Re5 Ra3 44. g3
Rb3 45. Kg2 Ra3 46. Re4 Rb3 47. Kh3 Ra3 48. Rb4 Ra5 49. Kg4 Ra3 50. Rb5 Ra1
51. Rb3 Ra4+ 52. Kf3 Ra5 53. Kf4 Rf5+ 54. Kg4 Ra5 55. Kh4 Ra4+ 56. g4 Ra1
57. Kg3 Ra5 58. Kf4 Ra4+ 59. Ke5 Ra5+ 60. Kf4 Ra4+ 61. Kg3 Ra5 62. Rb4 Ra3+
63. Kh4 Ra5 64. Rb3 Ra1 65. Rc3 Rh1+ 66. Kg3 Rg1+ 67. Kf4 Rh1 68. Ke5 Rf1
69. Kd6 {Black forfeits on time} 1-0

[Event "ICCopen2017"]
[Site "Internet Chess Club"]
[Date "2017.03.25"]
[Round "7"]
[White "Tasmaniandevil"]
[Black "PazificDreams"]
[Result "0-1"]
[ICCResult "White forfeits on time"]
[WhiteElo "2019"]
[BlackElo "2647"]
[Opening "Scotch: Mieses variation"]
[ECO "C45"]
[NIC "SO.04"]
[Time "15:16:59"]
[TimeControl "180+0"]

1. e4 e5 2. Nf3 Nc6 3. d4 exd4 4. Nxd4 Nf6 5. Nxc6 bxc6 6. e5 Qe7 7. Qe2 Nd5
8. c4 Ba6 9. Nd2 Nb4 10. Nf3 c5 11. Qe4 Rb8 12. Be2 Qe6 13. O-O Be7 14. a3
Bb7 15. Qf4 Nc2 16. Rb1 Qg6 17. Bd2 Nd4 18. Qe3 O-O 19. Bd3 Nxf3+ 20. Qxf3
Bxf3 21. Bxg6 Be2 22. Bf5 Bxc4 23. Rfe1 Be6 24. Be4 f5 25. Bc2 c4 26. f4 Rb7
27. Bc3 Rfb8 28. Kh1 Bc5 29. Rbd1 Kf7 30. Rd2 Re8 31. Ba4 Re7 32. Red1 Be3
33. Re2 Bxf4 34. g3 Bh6 35. Rd4 c6 36. Bc2 g6 37. Bd1 Ke8 38. Re1 Bd5+ 39.
Kg1 Bg7 40. Rd2 Be4 41. Bc2 Bxc2 42. Rxc2 Rb5 43. Rce2 Rd5 44. Kf2 Re6 45.
Kf3 Bf8 46. g4 Bc5 47. gxf5 gxf5 48. Kf4 Rd3 49. Kxf5 Rh6 50. Ke4 Rdh3 51.
Kf5 R3h5+ 52. Kg4 Rh4+ 53. Kg5 R4h5+ 54. Kg4 Rxh2 55. Rxh2 Rxh2 56. e6 Rg2+
57. Kf3 Rf2+ 58. Kg3 dxe6 59. Rxe6+ Kd7 60. Rh6 Rf7 61. Rf6 Bd6+ 62. Kg4
Rxf6 63. Bxf6 Ke6 64. Bg7 Be5 65. Bh6 Bxb2 66. Bg5 c3 67. Bf4 c2 68. Be3
Bxa3 {White forfeits on time} 0-1

[Event "ICCopen2017"]
[Site "Internet Chess Club"]
[Date "2017.03.25"]
[Round "7"]
[White "alejandrorios"]
[Black "TrendFriend"]
[Result "0-1"]
[ICCResult "White forfeits on time"]
[WhiteElo "1954"]
[BlackElo "2356"]
[Opening "Sicilian"]
[ECO "B56"]
[NIC "SI.25"]
[Time "15:17:01"]
[TimeControl "180+0"]

1. e4 c5 2. Nf3 d6 3. d4 Nf6 4. Nc3 cxd4 5. Nxd4 Nc6 6. Be3 Ng4 7. Bb5 Bd7
8. Bxc6 bxc6 9. O-O Nxe3 10. fxe3 e6 11. Qf3 Qf6 12. Qe2 Qe5 13. Rf3 Be7 14.
Qa6 O-O 15. Nxc6 Bxc6 16. Qxc6 Bf6 17. Qc4 Rab8 18. Nd1 Rfc8 19. Qd3 Rb4 20.
c3 Rxe4 21. Nf2 Ra4 22. a3 d5 23. Rd1 h6 24. g3 Qc7 25. Kg2 Qb7 26. Rd2 Be7
27. Kg1 Rac4 28. Rf4 Bg5 29. Rxc4 Rxc4 30. Re2 Qb6 31. Kg2 Qc6 32. Kg1 Be7
33. Ng4 Qc7 34. Nf2 Bf8 35. Kg2 Rc6 36. Kg1 Rb6 37. Kg2 Qb7 38. Nd1 d4+ 39.
e4 dxc3 40. Qxc3 Rb3 41. Qd2 Be7 42. Qc2 Bf6 43. Qd2 Be5 44. Qc2 g6 45. Qd2
Kg7 46. Qc2 a5 47. Qd2 a4 48. Qc2 Qb5 49. Qd2 Rd3 50. Qc2 Rd4 51. Nf2 Rd8
52. Rd2 Rb8 53. Re2 Bd4 54. Nd3 Ba7 55. Nf4 Qb6 56. Qd3 Qg1+ 57. Kh3 Qf1+
58. Ng2 Qf6 59. e5 Qg5 60. Nf4 Bb6 61. Kg2 Rd8 62. Qe4 Qg4 63. h3 Qf5 64.
Qxf5 exf5 65. e6 Re8 66. exf7 Rxe2+ 67. Nxe2 Kxf7 68. Nc3 Bd4 69. Nxa4 Bc3
{White forfeits on time}
0-1

[Event "ICCopen2017"]
[Site "Internet Chess Club"]
[Date "2017.03.25"]
[Round "7"]
[White "fletcherdavid"]
[Black "Piranha"]
[Result "0-1"]
[ICCResult "White forfeits on time"]
[WhiteElo "1825"]
[BlackElo "1687"]
[Opening "Sicilian defense"]
[ECO "B20"]
[NIC "SI.48"]
[Time "15:17:16"]
[TimeControl "180+0"]

1. e4 c5 2. c4 Nc6 3. Nc3 d6 4. g3 e5 5. Bg2 Be6 6. d3 Qd7 7. f4 f6 8. f5
Bf7 9. Nf3 Nge7 10. O-O g6 11. fxg6 hxg6 12. Be3 O-O-O 13. a3 Bh6 14. Bxh6
Rxh6 15. b4 Rdh8 16. Nd5 Nxd5 17. cxd5 Ne7 18. bxc5 dxc5 19. Qc2 b6 20. a4
Kd8 21. a5 Nc8 22. axb6 axb6 23. Ra8 Ke7 24. Rfa1 Kf8 25. R1a7 Qg4 26. Qa2
Kg7 27. Rc7 Rxh2 28. Nxh2 Qxg3 29. Raxc8 Qxh2+ 30. Kf1 Qf4+ 31. Kg1 Qh2+ 32.
Kf1 Qf4+ 33. Kg1 Qe3+ 34. Kf1 Rh4 35. d6 Rf4+ 36. Bf3 Rxf3+ 37. Kg2 Rf4 38.
Qxf7+ Kh6 {White forfeits on time} 0-1

[Event "ICCopen2017"]
[Site "Internet Chess Club"]
[Date "2017.03.25"]
[Round "7"]
[White "ziggyalbert"]
[Black "TeddyBear"]
[Result "0-1"]
[ICCResult "White forfeits on time"]
[WhiteElo "1308"]
[BlackElo "1554"]
[Opening "English: Caro-Kann defensive system"]
[ECO "A11"]
[NIC "EO.64"]
[Time "15:17:42"]
[TimeControl "180+0"]

1. c4 c6 2. Nc3 d5 3. cxd5 cxd5 4. d3 Nc6 5. g3 Nf6 6. Bg2 e6 7. Bg5 Bc5 8.
Nf3 O-O 9. O-O h6 10. Bd2 e5 11. a3 e4 12. dxe4 dxe4 13. Ne1 e3 14. Bxe3
Bxe3 15. fxe3 Qb6 16. Rf3 Qxb2 17. Na4 Qb5 18. Qc2 Bg4 19. Rb1 Qe5 20. Nd3
Qe7 21. Rff1 Qxe3+ 22. Nf2 Nd4 23. Qd3 Nxe2+ 24. Kh1 Qxd3 25. Nxd3 Nd4 26.
Rxb7 Be2 27. Rb4 Bxd3 28. Bxa8 Bxf1 29. Bb7 Ne6 30. Rb1 Bd3 31. Rd1 Be4+
{White forfeits on time}
0-1

[Event "ICCopen2017"]
[Site "Internet Chess Club"]
[Date "2017.03.25"]
[Round "7"]
[White "marianzaim"]
[Black "gannikus1992"]
[Result "1-0"]
[ICCResult "Black forfeits on time"]
[WhiteElo "1970"]
[BlackElo "2395"]
[Opening "English opening"]
[ECO "A20"]
[NIC "EO.24"]
[Time "15:17:19"]
[TimeControl "180+0"]

1. c4 e5 2. g3 Nc6 3. Bg2 f5 4. Nc3 Nf6 5. d3 Bb4 6. a3 Bxc3+ 7. bxc3 O-O 8.
Nf3 e4 9. Nd4 d6 10. O-O Ne5 11. Rb1 Qe8 12. f4 Neg4 13. h3 Nh6 14. Kh2 a6
15. Bd2 e3 16. Bc1 c6 17. Nc2 Nhg4+ 18. Kg1 Qh5 19. Nxe3 Nxe3 20. Bxe3 Re8
21. Qd2 Re7 22. Rbe1 Be6 23. Bd4 Rae8 24. Bxf6 gxf6 25. e3 Rg7 26. Qf2 Kh8
27. Kh2 Reg8 28. Bf3 Qe8 29. Rg1 Qd8 30. e4 Qa5 31. exf5 Bxf5 32. Qd4 Qd8
33. g4 Bc8 34. f5 Rf8 35. Rg2 Kg8 36. Rge2 h6 37. Qe3 Qa5 38. Qxh6 Qxa3 39.
Re7 Qb2+ 40. Bg2 Rff7 41. Re8+ Rf8 42. R1e7 {Black forfeits on time} 1-0

[Event "ICCopen2017"]
[Site "Internet Chess Club"]
[Date "2017.03.25"]
[Round "7"]
[White "Step2Me"]
[Black "shirovinster"]
[Result "0-1"]
[ICCResult "White forfeits on time"]
[WhiteElo "1401"]
[BlackElo "1801"]
[Opening "Sicilian: Alapin's variation (2.c3)"]
[ECO "B22"]
[NIC "SI.46"]
[Time "15:17:11"]
[TimeControl "180+0"]

1. e4 c5 2. c3 d6 3. Bd3 Nf6 4. Bc2 g6 5. d3 Bg7 6. Nd2 O-O 7. Ne2 Nc6 8.
Nf3 Bg4 9. Ng3 e6 10. h3 Bxf3 11. Qxf3 d5 12. O-O Ne5 13. Qe3 d4 14. Qe2
dxc3 15. bxc3 Qd7 16. f4 Nc6 17. Ba3 b6 18. Rad1 Rfd8 19. Qf3 Ne8 20. e5 Nc7
21. Ne4 Nd5 22. Bb2 Qe7 23. d4 cxd4 24. cxd4 Ndb4 25. Ba3 Nxd4 26. Rxd4 Rxd4
27. Qc3 Rad8 28. Bxb4 Qxb4 29. Qxb4 Rxb4 30. Nd6 Bf8 31. Rd1 Rxf4 32. Bb3
Rb4 33. Rf1 Bxd6 34. exd6 Rxd6 35. Kh2 Rbd4 36. Rc1 Rd8 37. Rc7 R4d7 38. Rc6
Kg7 39. Kg3 h5 40. Rc4 a5 41. Rc6 b5 42. Rc5 a4 43. Bc2 Rd5 44. Rc3 b4 45.
Rf3 Rb5 46. Kh2 Rdb8 47. Be4 b3 48. Rg3 b2 49. Bb1 a3 50. Rd3 Rc5 51. Rd7
Rc1 52. Be4 b1=Q 53. Bxb1 Rcxb1 {White forfeits on time} 0-1

[Event "ICCopen2017"]
[Site "Internet Chess Club"]
[Date "2017.03.25"]
[Round "7"]
[White "DropZone"]
[Black "Eigeneier"]
[Result "1-0"]
[ICCResult "Black forfeits on time"]
[WhiteElo "2142"]
[BlackElo "1928"]
[Opening "King's Indian: London system"]
[ECO "A48"]
[NIC "QP.03"]
[Time "15:16:59"]
[TimeControl "180+0"]

1. d4 Nf6 2. Nf3 g6 3. Bf4 Bg7 4. e3 O-O 5. h3 c5 6. c3 Qb6 7. Qb3 d5 8.
Qxb6 axb6 9. Nbd2 Nc6 10. a3 Bf5 11. Be2 Rfe8 12. O-O Ne4 13. Nxe4 Bxe4 14.
Bc7 c4 15. Bxb6 Rec8 16. Bc5 Ra6 17. Nd2 Bf5 18. Bf3 Rd8 19. e4 dxe4 20.
Bxe4 Bxe4 21. Nxe4 b6 22. Bb4 Rda8 23. Rae1 Nxb4 24. axb4 Ra2 25. Re2 e5 26.
dxe5 Bxe5 27. Nd2 Bf6 28. Nxc4 Bxc3 29. Nxb6 Rd8 30. b5 Rxb2 31. Rxb2 Bxb2
32. Rb1 Bd4 33. Nc4 Rc8 34. Ne3 Rb8 35. Nd5 Kf8 36. g4 Ke8 37. Nc7+ Kd7 38.
Na6 Rb6 39. Rd1 Rd6 40. b6 Bxb6 41. Rxd6+ Kxd6 42. Nb4 Ke5 43. Nd3+ Ke4 44.
Ne1 Bd4 45. Kg2 f5 46. Nf3 fxg4 47. hxg4 Bf6 48. g5 Bg7 49. Kg3 h6 50. gxh6
Bxh6 51. Nd2+ Kd3 52. Nf1 Ke4 53. f3+ Kf5 54. Nh2 g5 55. Ng4 Bg7 56. Nf2 Bc3
57. Ne4 Be1+ 58. Kg2 Kf4 59. Nxg5 Kxg5 60. Kf1 Bc3 61. Ke2 Bf6 62. Kf2 Kf5
63. Kg2 Bg5 64. Kf2 Bf4 65. Ke2 Bg5 66. Kf1 Bf4 67. Kg2 Bg5 68. Kg1 Bf4 69.
Kf2 Bg5 70. Ke2 Bf4 71. Kf2 Bg5 72. Kf1 Bf4 73. Ke1 Bg5 74. Ke2 Bf4 75. Kf2
Bg5 76. Kf1 Bf4 77. Kf2 Bg5 78. Kf1 Bf4 79. Kg2 Bg5 80. Kg1 Bf4 81. Kf2 Bg5
82. Ke2 Bf4 83. Kf1 {Black forfeits on time} 1-0

[Event "ICCopen2017"]
[Site "Internet Chess Club"]
[Date "2017.03.25"]
[Round "7"]
[White "ol4ik"]
[Black "zhuzhenghai008"]
[Result "0-1"]
[ICCResult "White forfeits on time"]
[WhiteElo "2108"]
[BlackElo "1913"]
[Opening "Sicilian: Najdorf, 6.f4"]
[ECO "B93"]
[NIC "SI.12"]
[Time "15:17:12"]
[TimeControl "180+0"]

1. e4 c5 2. Nf3 d6 3. d4 cxd4 4. Nxd4 Nf6 5. Nc3 a6 6. f4 e5 7. Nf3 Nbd7 8.
Bd3 Be7 9. O-O O-O 10. Kh1 b5 11. a3 Bb7 12. fxe5 dxe5 13. Qe1 Re8 14. Qg3
Rc8 15. Bh6 Nh5 16. Qh3 Ndf6 17. Bg5 Qd7 18. Qh4 h6 19. Bxf6 Nxf6 20. Nxe5
Qe6 21. Rf5 Nxe4 22. Qg4 Nf6 23. Qh3 Bd6 24. Nf3 Rc7 25. Rf1 Bc8 26. Qh4 Qe7
27. Rxf6 Qxf6 28. Qxf6 gxf6 29. Nd5 Kg7 30. Nxc7 Bxc7 31. Nd4 Be5 32. Nc6
Bxb2 33. h3 Bxa3 34. Rf3 f5 35. Rg3+ Kf6 36. Rf3 Re1+ 37. Bf1 Bc5 38. g4 Bb7
39. Rxf5+ Kg7 40. Kg2 Bxc6+ 41. Kg3 Bd6+ 42. Kh4 Re5 {White forfeits on
time} 0-1

[Event "ICCopen2017"]
[Site "Internet Chess Club"]
[Date "2017.03.25"]
[Round "7"]
[White "chessStudent1"]
[Black "checkum"]
[Result "1-0"]
[ICCResult "Black checkmated"]
[WhiteElo "1580"]
[BlackElo "1314"]
[Opening "Queen's pawn game"]
[ECO "D02"]
[NIC "QP.08"]
[Time "15:17:24"]
[TimeControl "180+0"]

1. d4 d5 2. Nf3 c6 3. Bf4 e6 4. e3 Bd6 5. Bg5 Be7 6. Bf4 Bd6 7. Bxd6 Qxd6 8.
Nbd2 Nd7 9. Be2 e5 10. dxe5 Nxe5 11. O-O Be6 12. Nxe5 Qxe5 13. c3 O-O-O 14.
Nf3 Qc7 15. Qa4 Kb8 16. b4 Bd7 17. b5 c5 18. c4 Nf6 19. Rfc1 b6 20. cxd5
Nxd5 21. Qb3 Be6 22. Ng5 h6 23. Nxe6 fxe6 24. a4 g5 25. a5 h5 26. axb6 axb6
27. Ra6 Kc8 28. Rca1 Qe5 29. Bf3 Kd7 30. Bxd5 exd5 31. Rd1 c4 32. Qxc4 Ke6
33. Rxb6+ Kf5 34. Qd3+ Qe4 35. Qe2 h4 36. f3 Qc4 37. e4+ dxe4 38. fxe4+ Qxe4
39. Rf1+ Ke5 40. Re6+ Kxe6 41. Qxe4+ Kd6 42. Rd1+ Kc7 43. Qc6+ Kb8 44. Qb6+
Kc8 45. Rc1+ Kd7 46. Rc7+ Ke8 47. Qe6+ Kf8 48. Qf7# {Black checkmated} 1-0

[Event "ICCopen2017"]
[Site "Internet Chess Club"]
[Date "2017.03.25"]
[Round "7"]
[White "Alfred"]
[Black "Eliezer"]
[Result "0-1"]
[ICCResult "White forfeits on time"]
[WhiteElo "1181"]
[BlackElo "1562"]
[Opening "Hungarian defense"]
[ECO "C50"]
[NIC "IG.03"]
[Time "15:17:31"]
[TimeControl "180+0"]

1. e4 e5 2. Nf3 Nc6 3. Bc4 Be7 4. O-O Nf6 5. Re1 d6 6. c3 O-O 7. d4 Bg4 8.
dxe5 Nxe5 9. Be2 Nxe4 10. Nxe5 Bxe2 11. Rxe2 Nxf2 12. Kxf2 dxe5 13. Qe1 Bc5+
14. Kf1 f6 15. b4 Bb6 16. Nd2 Qd3 17. Bb2 Rad8 18. Rd1 Kh8 19. Bc1 Qf5+ 20.
Nf3 Rxd1 21. Qxd1 c6 22. Ke1 e4 23. Nd2 Qf4 24. Nxe4 Qxh2 25. Nf2 Qxg2 26.
Be3 Qg1+ 27. Kd2 Rd8+ 28. Nd3 Qg6 29. Kc2 Bxe3 30. Rxe3 Qg2+ 31. Re2 Qg6 32.
Qd2 h6 33. Re3 Qf5 34. Qe2 Kh7 35. Re8 Rxe8 {White forfeits on time} 0-1

[Event "ICCopen2017"]
[Site "Internet Chess Club"]
[Date "2017.03.25"]
[Round "7"]
[White "CIROVICZCHESS"]
[Black "grancaruso"]
[Result "1-0"]
[ICCResult "Black forfeits on time"]
[WhiteElo "1591"]
[BlackElo "1780"]
[Opening "Caro-Kann defense"]
[ECO "B10"]
[NIC "CK.01"]
[Time "15:17:09"]
[TimeControl "180+0"]

1. e4 c6 2. Nf3 d5 3. exd5 cxd5 4. d4 Nf6 5. c4 g6 6. Nc3 Bg7 7. Bg5 O-O 8.
c5 b6 9. b4 a5 10. a3 Bg4 11. Be2 Ne4 12. Nxe4 dxe4 13. Ne5 Bxe2 14. Qxe2
Qxd4 15. O-O Qxe5 16. f4 Qd4+ 17. Kh1 axb4 18. Rad1 Qxc5 19. Qxe4 Na6 20.
Bxe7 Rfe8 21. Qxa8 Rxa8 22. Bxc5 bxc5 23. axb4 cxb4 24. Rb1 Bc3 25. f5 Kg7
26. fxg6 hxg6 27. Rf3 Nc5 28. h4 Ne4 29. Rc1 b3 30. Rb1 Nd2 31. Rxc3 Nxb1
32. Rxb3 Nd2 33. Rb5 Ne4 34. Kh2 Ra3 35. g4 Kf6 36. h5 g5 37. Rb6+ Kg7 38.
Rb4 Nf6 39. Kg2 Re3 40. Kf2 Re4 41. Rb6 Rxg4 42. h6+ Kxh6 43. Rxf6+ Kh5 44.
Rb6 Rf4+ 45. Kg3 f5 46. Rb8 g4 47. Rh8+ Kg6 48. Rg8+ Kf7 49. Rh8 Rf3+ 50.
Kg2 Kf6 51. Rh7 Ke5 52. Re7+ Kf4 53. Re6 Rb3 54. Kg1 Kg5 55. Kg2 f4 56. Kg1
{Black forfeits on time}
1-0

[Event "ICCopen2017"]
[Site "Internet Chess Club"]
[Date "2017.03.25"]
[Round "7"]
[White "AlonzoMosely"]
[Black "UAE2002"]
[Result "1-0"]
[ICCResult "Black forfeits on time"]
[WhiteElo "2229"]
[BlackElo "1959"]
[Opening "Old Benoni defense"]
[ECO "A43"]
[NIC "KI.50"]
[Time "15:17:04"]
[TimeControl "180+0"]

1. d4 c5 2. d5 d6 3. c4 g6 4. Nc3 Bg7 5. e4 Nf6 6. f3 O-O 7. Bg5 a6 8. Qd2
b5 9. cxb5 axb5 10. Bxb5 Ba6 11. Nge2 Bxb5 12. Nxb5 Qb6 13. Nec3 Na6 14. O-O
Nb4 15. Kh1 Rfe8 16. a4 Nd7 17. Bh6 Ne5 18. Bxg7 Kxg7 19. f4 Nc4 20. Qe2 Na5
21. e5 Rf8 22. Rae1 c4 23. f5 dxe5 24. Qxe5+ Qf6 25. Qxe7 Qxe7 26. Rxe7 Nd3
27. f6+ Kg8 28. d6 Nc6 29. Rc7 Nce5 30. Nd5 Nxb2 31. Nd4 Nxa4 32. d7 Rad8
33. Re1 Nxd7 34. Nc6 Ndc5 35. Nxd8 Rxd8 36. Ne7+ Kf8 37. Nc6 Ra8 38. Ree7
Ne6 39. Rxf7+ Kg8 40. Rce7 Nac5 41. h4 c3 42. Nb4 Rb8 43. Rg7+ Nxg7 44.
Rxg7+ Kh8 45. Rc7 h5 46. Nc6 c2 47. Nxb8 c1=Q+ 48. Kh2 Ne6 49. Rxc1 Nf4 50.
Rc7 g5 51. Nc6 Ng6 52. f7 Kg7 53. Nd8 Nf8 54. hxg5 h4 55. Ne6+ Kg6 56. Nxf8+
Kxg5 57. Ne6+ {Black forfeits on time} 1-0